 Dungeon Crawl Stone Soup version 0.30-a0-948-g4fa250aae5 (webtiles) character file.

Game seed: 1455788896704889191

51 DeathPants the Sneak (level 3, -2/18 HPs)
             Began as a Vine Stalker Enchanter on Mar 26, 2023.
             Slain by Sigmund
             ... wielding a +0 scythe
              (4 damage)
             ... on level 2 of the Dungeon.
             The game lasted 00:03:19 (1383 turns).

DeathPants the Sneak (Vine Stalker Enchanter)       Turns: 1383, Time: 00:03:20

Health: -2/18      AC:  2    Str: 12    XL:     3   Next: 83%
Magic:  0/7        EV: 12    Int: 15    God:
Gold:   84         SH:  0    Dex: 14    Spells: 7/7 levels left

rFire   . . .      SeeInvis .    a - +1 dagger
rCold   . . .      Faith    .    (no shield)
rNeg    . . .      Spirit   +    b - +0 robe
rPois   .          Reflect  .    (no helmet)
rElec   .          Rampage  .    (no cloak)
rCorr   .                        (no gloves)
Will    .....                    (no boots)
Stlth   +++                      (no amulet)
HPRegen 0.23/turn                (no ring)
MPRegen 0.10/turn                (no ring)

@: invisible
A: fangs 2, magic shield, antimagic bite, no potion heal 2
a: no special abilities


You were on level 2 of the Dungeon.
You visited 1 branch of the dungeon, and saw 3 of its levels.

You collected 84 gold pieces.

Inventory:

Hand Weapons
 a - a +1 dagger (weapon)
Missiles
 i - 10 poisoned darts (quivered)
Armour
 b - a +0 robe (worn)
Scrolls
 d - 2 scrolls of identify {unknown}
 e - 2 scrolls of immolation {unknown}
 f - 2 scrolls of teleportation {unknown}
 g - a scroll of magic mapping {unknown}
 h - a scroll of poison {unknown}
 k - a scroll of enchant armour {unknown}
Potions
 c - a potion of invisibility
 j - a potion of lignification {unknown}
 l - a potion of attraction {unknown}


   Skills:
 + Level 1.1 Fighting
 - Level 0.8 Short Blades
 + Level 2.0 Dodging
 + Level 4.2 Stealth
 + Level 2.6 Spellcasting
 + Level 3.3 Hexes


You had 7 spell levels left.
You didn't know any spells.
Your spell library contained the following spells:

 Spells                   Type           Power      Damage    Failure   Level
 Ensorcelled Hibernation  Hex/Ice        14%        N/A       16%         2
 Confusing Touch          Hex            12%        N/A       16%         3
 Tukima's Dance           Hex            12%        N/A       16%         3
 Dazzling Flash           Conj/Hex       14%        N/A       30%         3
 Passwall                 Tmut/Erth      0%         N/A       32%         2
 Swiftness                Air            1%         N/A       54%         3


Dungeon Overview and Level Annotations

Branches:
Dungeon (3/15)

Altars:

Annotations:
D:2 Sigmund


Innate Abilities, Weirdness & Mutations

You have extremely sharp teeth.
When hurt, damage is shared between your health and your magic reserves.
Your bite disrupts and absorbs the magic of your enemies.
Potions cannot restore your health.


Message History

The kobold is heavily wounded.
The adder barely misses you. Sigmund looks at you with fury.
The kobold hits you with a +0 whip.
You hit the kobold.
You kill the kobold!
The adder bites you.
You are poisoned.
The adder poisons you!
You fade into invisibility!
You feel sick. The adder misses you. Sigmund closely misses you.
You hit the adder but do no damage. Your bite misses the adder.
You feel sick. The adder closely misses you. The adder barely misses you.
You barely miss the adder. Your bite misses the adder.
You feel sick. The adder closely misses you.
You catch the helpless adder completely off-guard!
You puncture the adder!
The adder is almost dead.
You feel sick.
Sigmund points at the adder and mumbles some strange words.
The quokka appears confused.
The adder barely misses you.
You hit the adder.
You kill the adder!
You feel sick.
You feel sick.
You are no longer poisoned.
Sigmund hits you with a +0 scythe.
Things that are here:
a +0 war axe; an adder corpse You hit Sigmund.
Sigmund is lightly wounded.
Sigmund casts a spell.
Sigmund flickers and vanishes!
Deactivating autopickup; reactivate with Ctrl-A.
You closely miss something. Your bite misses something. Something hits you!
* * * LOW HITPOINT WARNING * * *
You hit something but do no damage. You hit something but do no damage.
You bite something. You drain its magic.
You feel invigorated. Something hits you!
You die...

#.....# #.# #..#### #.#
#..# #.# #..# #.# #..# #.#
#..# #.# #####
###..#######.#######...>..
#................).)..#
..#.############@####.#
###.# #{..# #.# ......#
#.# ###..r## #.# ##... #.#
##### #.#


You could see a quokka (wandering, confused, unable to see you).

Vanquished Creatures
  An adder (D:2)
  2 dart slugs
  5 bats
  2 endoplasms (D:1)
  2 giant cockroaches (D:1)
  3 goblins
  4 hobgoblins
  4 jackals (D:2)
  A quokka (D:1)
  A ball python (D:1)
  A frilled lizard (D:1)
  5 kobolds
  2 rats (D:2)
33 creatures vanquished.

Notes
Turn   | Place    | Note
-------+----------+-------------------------------------------
     0 | D:1      | DeathPants the Vine Stalker Enchanter began the quest for
                  | the Orb.
     0 | D:1      | Reached XP level 1. HP: 9/9 MP: 4/4
   214 | D:1      | Reached XP level 2. HP: 11/14 MP: 3/6
   910 | D:1      | Reached skill level 4 in Stealth
   915 | D:1      | Reached XP level 3. HP: 16/17 MP: 7/7
  1144 | D:2      | Reached skill level 1 in Fighting
  1278 | D:2      | Found a faded altar of an unknown god.
  1369 | D:2      | Noticed Sigmund
  1383 | D:2      | Slain by Sigmund

Illustrated notes

Levels and vault maps discovered:
D:1:      nicolae_arrival_washed_ashore, layout_basic
D:2:      layout_loops_ring, shapermc_ecumenical_altar_pompeii,
          uniq_crazy_yiuf_cottage, uniq_terence, uniq_sigmund
D:3:      layout_loops_ring, general_overflow_altar, hex_medium, uniq_robin,
          uniq_ijyb

Skill      XL: |  1  2  3 |
---------------+----------+-----
Stealth        | 4 |  4.2
Fighting       | 1 |  1.1
Dodging        | 2 |  2.0
Short Blades   | |  0.8
Spellcasting   | |  2.6
Hexes          | |  3.3

Action                     || total
---------------------------++-------
  Melee: Dagger            ||   125
         Bite              ||    32
         Punch             ||     1
    Use: Potion            ||     1
   Stab: Sleeping          ||     5
         Invisible         ||     1
 Armour: Robe              ||    26
  Dodge: Dodged            ||    65

Table legend: (Time is in decaauts)
 A = Elapsed time spent in this place.
 B = Non-inter-level travel time spent in this place.
 C = Inter-level travel time spent in this place.
 D = Time resting spent in this place.
 E = Time spent auto-exploring this place.
 F = Levels seen in this place.
 G = Mean time per level.
                   A        B        C        D        E       F      G
               +--------+--------+--------+--------+--------+-----+--------+
         Total |   1378 |   1340 |     38 |      0 |    962 |   3 |  459.3 |
       Dungeon |   1378 |   1340 |     38 |      0 |    962 |   3 |  459.3 |
               +--------+--------+--------+--------+--------+-----+--------+

Top non-repeatable levels by time:
     D:1: 935 daAuts
     D:2: 428 daAuts
     D:3: 14 daAuts
